NCAA
BOSTON COLLEGE EAGLES @ STANFORD CARDINAL
04/23/2029
 
TOP OF THE 1ST
Boston College Eagles batting - Pitching for Stanford Cardinal : RHP Gonzalo Castillo
Pitching: RHP Gonzalo Castillo
Batting: RHB Jim Banks 0-0: Ball
1-0: Ball
2-0: Foul Ball, location: 2F
2-1: Fly out, F5 (Popup, 56S)
Batting: RHB Steve Neal 0-0: Ball
1-0: Fly out, F6 (Popup, P)
Batting: LHB Rafael Yan 0-0: Ball
1-0: Foul Ball, location: 2F
1-1: Foul Ball, location: 2F
1-2: Foul Ball, location: 2F
1-2: Ball
2-2: Ball
3-2: Fly out, F6 (Line Drive, 6)
Top of the 1st over - 0 runs, 0 hits, 0 errors, 0 left on base; Boston College 0 - Stanford 0
BOTTOM OF THE 1ST
Stanford Cardinal batting - Pitching for Boston College Eagles : RHP Horace Olson
Pitching: RHP Horace Olson
Batting: RHB Dave Bennett 0-0: Foul Ball, location: 2F
0-1: Ball
1-1: Swinging Strike
1-2: Foul Ball, location: 2F
1-2: Foul Ball, location: 2F
1-2: Ball
2-2: Foul Ball, location: 2F
2-2: Fly out, F7 (Flyball, 7)
Batting: LHB Terry Barton 0-0: Ball
1-0: Ball
2-0: Ball
3-0: Base on Balls
Batting: SHB Gary King 0-0: Called Strike
0-1: Foul Ball, location: 2F
0-2: Strikes out swinging
Batting: RHB Greg Nichols 0-0: Foul Ball, location: 2F
0-1: 2-RUN HOME RUN (Flyball, 7LD), Distance : 318 ft
Batting: RHB Rick McDonald 0-0: Swinging Strike
0-1: Foul Ball, location: 2F
0-2: DOUBLE (Line Drive, 7LM)
Batting: RHB Dave Rogers 0-0: Swinging Strike
0-1: Swinging Strike
0-2: Fly out, F7 (Line Drive, 7S)
Bottom of the 1st over - 2 runs, 2 hits, 0 errors, 1 left on base; Boston College 0 - Stanford 2
TOP OF THE 2ND
Boston College Eagles batting - Pitching for Stanford Cardinal : RHP Gonzalo Castillo
Batting: SHB Ralph Alfonzo 0-0: Ball
1-0: Called Strike
1-1: Ball
2-1: Foul Ball, location: 2F
2-2: Fly out, F8 (Flyball, 78M)
Batting: RHB Ed Gómez 0-0: Called Strike
0-1: Ball
1-1: Ball
2-1: Foul Ball, location: 2F
2-2: Strikes out swinging
Batting: RHB Julián Hernández 0-0: Ball
1-0: Swinging Strike
1-1: Ball
2-1: Ball
3-1: Foul Ball, location: 2F
3-2: Strikes out swinging
Top of the 2nd over - 0 runs, 0 hits, 0 errors, 0 left on base; Boston College 0 - Stanford 2
BOTTOM OF THE 2ND
Stanford Cardinal batting - Pitching for Boston College Eagles : RHP Horace Olson
Batting: LHB José Soto 0-0: Foul Ball, location: 2F
0-1: Called Strike
0-2: Ball
1-2: Ball
2-2: SINGLE (Flyball, 89S)
Batting: RHB Flint Ballard 0-0: SINGLE (Groundball, 5S) (infield hit)
José Soto to second
Batting: RHB Rodrigo Ortíz 0-0: Swinging Strike
0-1: Called Strike
0-2: Fly out, F7 (Flyball, 7)
Batting: RHB Dave Bennett 0-0: Ball
1-0: Ball
2-0: Called Strike
2-1: Ball
3-1: Fly out, F9 (Line Drive, 9)
Runner from 2nd tags up, SAFE at 3rd with throw
Batting: LHB Terry Barton 0-0: Ball
1-0: Foul Ball, location: 2F
1-1: Foul Ball, location: 2F
1-2: Ground out 1-3 (Groundball, 13S)
Bottom of the 2nd over - 0 runs, 2 hits, 0 errors, 2 left on base; Boston College 0 - Stanford 2
TOP OF THE 3RD
Boston College Eagles batting - Pitching for Stanford Cardinal : RHP Gonzalo Castillo
Batting: LHB Porter Butler 0-0: Called Strike
0-1: Ball
1-1: Called Strike
1-2: Ground out U3 (Groundball, 34)
Batting: SHB Héctor Arteago 0-0: Ball
1-0: Ball
2-0: Fly out, F7 (Flyball, 7S)
Batting: LHB John Clement 0-0: Called Strike
0-1: Foul Ball, location: 2F
0-2: Ball
1-2: Foul Ball, location: 2F
1-2: SOLO HOME RUN (Flyball, 89XD), Distance : 390 ft
Batting: RHB Jim Banks 0-0: Ball
1-0: Called Strike
1-1: Foul Ball, location: 2F
1-2: Ground out 4-3 (Groundball, 4MD)
Top of the 3rd over - 1 run, 1 hit, 0 errors, 0 left on base; Boston College 1 - Stanford 2
BOTTOM OF THE 3RD
Stanford Cardinal batting - Pitching for Boston College Eagles : RHP Horace Olson
Batting: SHB Gary King 0-0: Ball
1-0: Called Strike
1-1: Foul Ball, location: 2F
1-2: Ball
2-2: Ball
3-2: Foul Ball, location: 2F
3-2: Foul Ball, location: 2F
3-2: Base on Balls
Batting: RHB Greg Nichols 0-0: Foul Ball, location: 2F
0-1: Ball
1-1: Foul Ball, location: 2F
1-2: Strikes out swinging
Batting: RHB Rick McDonald 0-0: Called Strike
0-1: Foul Ball, location: 2F
0-2: Strikes out swinging
Batting: RHB Dave Rogers 0-0: Ball
1-0: Fielders Choice at 2nd, 5-4 (Groundball, 5)
Bottom of the 3rd over - 0 runs, 0 hits, 0 errors, 1 left on base; Boston College 1 - Stanford 2
TOP OF THE 4TH
Boston College Eagles batting - Pitching for Stanford Cardinal : RHP Gonzalo Castillo
Batting: RHB Steve Neal 0-0: Ground out 5-3 (Groundball, 5)
Batting: LHB Rafael Yan 0-0: Ball
1-0: Foul Ball, location: 2F
1-1: Called Strike
1-2: Ground out 4-3 (Groundball, 4)
Batting: SHB Ralph Alfonzo 0-0: Ball
1-0: Called Strike
1-1: Ground out 5-3 (Groundball, 56S)
Top of the 4th over - 0 runs, 0 hits, 0 errors, 0 left on base; Boston College 1 - Stanford 2
BOTTOM OF THE 4TH
Stanford Cardinal batting - Pitching for Boston College Eagles : RHP Horace Olson
Batting: LHB José Soto 0-0: Called Strike
0-1: Swinging Strike
0-2: Ball
1-2: Ball
2-2: Foul Ball, location: 2F
2-2: Foul Ball, location: 2F
2-2: Foul Ball, location: 2F
2-2: Ball
3-2: Ground out 4-3 (Groundball, 4D)
Batting: RHB Flint Ballard 0-0: Ball
1-0: Ball
2-0: Ground out 1-3 (Groundball, 13S)
Batting: RHB Rodrigo Ortíz 0-0: Ball
1-0: Ball
2-0: Called Strike
2-1: Ball
3-1: Foul Ball, location: 2F
3-2: Base on Balls
Batting: RHB Dave Bennett 0-0: Ball
1-0: Called Strike
1-1: SINGLE (Flyball, 78S)
Rodrigo Ortíz to second
Batting: LHB Terry Barton 0-0: Called Strike
0-1: 3-RUN HOME RUN (Flyball, 9LD), Distance : 333 ft
Batting: SHB Gary King 0-0: Called Strike
0-1: Ball
1-1: SINGLE (Groundball, 34S) (infield hit)
Pitching: RHP Mike Heath
Batting: RHB Greg Nichols 0-0: Ball
1-0: Fly out, F5 (Line Drive, 5)
Bottom of the 4th over - 3 runs, 3 hits, 0 errors, 1 left on base; Boston College 1 - Stanford 5
TOP OF THE 5TH
Boston College Eagles batting - Pitching for Stanford Cardinal : RHP Gonzalo Castillo
Batting: RHB Ed Gómez 0-0: Foul Ball, location: 2F
0-1: Foul Ball, location: 2F
0-2: Ball
1-2: Foul Ball, location: 2F
1-2: Ball
2-2: Ball
3-2: Fly out, F9 (Flyball, 9LS)
Batting: RHB Julián Hernández 0-0: Ball
1-0: Ball
2-0: Ground out 6-3 (Groundball, 6)
Batting: LHB Porter Butler 0-0: Ball
1-0: Ball
2-0: Called Strike
2-1: Ball
3-1: Called Strike
3-2: Foul Ball, location: 2F
3-2: Foul Ball, location: 2F
3-2: SINGLE (Line Drive, 9S)
Batting: SHB Héctor Arteago 0-0: Ball
1-0: Swinging Strike
1-1: Ball
2-1: Swinging Strike
2-2: Ball
3-2: Strikes out swinging
Top of the 5th over - 0 runs, 1 hit, 0 errors, 1 left on base; Boston College 1 - Stanford 5
BOTTOM OF THE 5TH
Stanford Cardinal batting - Pitching for Boston College Eagles : RHP Mike Heath
Batting: RHB Rick McDonald 0-0: Called Strike
0-1: Ball
1-1: Ball
2-1: Called Strike
2-2: Ball
3-2: Foul Ball, location: 2F
3-2: Ground out U3 (Groundball, 3)
Batting: RHB Dave Rogers 0-0: Fly out, F7 (Flyball, 7D)
Batting: LHB José Soto 0-0: Swinging Strike
0-1: Foul Ball, location: 2F
0-2: SINGLE (Line Drive, 89S)
Batting: RHB Flint Ballard 0-0: Called Strike
0-1: Ball
1-1: Ground out 5-3 (Groundball, 56)
Bottom of the 5th over - 0 runs, 1 hit, 0 errors, 1 left on base; Boston College 1 - Stanford 5
TOP OF THE 6TH
Boston College Eagles batting - Pitching for Stanford Cardinal : RHP Gonzalo Castillo
Batting: LHB John Clement 0-0: Called Strike
0-1: Ground out 4-3 (Groundball, 4)
Batting: RHB Jim Banks 0-0: Called Strike
0-1: Ball
1-1: Foul Ball, location: 2F
1-2: Fly out, F9 (Flyball, 9S)
Pitching: RHP Michael Saunders
Batting: RHB Steve Neal 0-0: Called Strike
0-1: Ball
1-1: Swinging Strike
1-2: SINGLE (Flyball, 89S)
Batting: LHB Rafael Yan 0-0: Foul Ball, location: 2F
0-1: Foul Ball, location: 2F
0-2: Ball
1-2: Ball
Steve Neal steals 2nd base
2-2: SINGLE (Groundball, 4MD)
Steve Neal to third
Runner from 3rd tries for Home, throw and OUT!
Top of the 6th over - 0 runs, 2 hits, 0 errors, 1 left on base; Boston College 1 - Stanford 5
BOTTOM OF THE 6TH
Stanford Cardinal batting - Pitching for Boston College Eagles : RHP Mike Heath
Batting: RHB Rodrigo Ortíz 0-0: Called Strike
0-1: Ball
1-1: Ball
2-1: Ball
3-1: Called Strike
3-2: Foul Ball, location: 2F
3-2: Ground out 6-3 (Groundball, 6)
Batting: RHB Dave Bennett 0-0: Called Strike
0-1: Fly out, F9 (Flyball, 9)
Batting: LHB Terry Barton 0-0: Foul Ball, location: 2F
0-1: Ball
1-1: Ball
2-1: Ball
3-1: SINGLE (Line Drive, 56D)
Batting: SHB Gary King 0-0: Called Strike
0-1: Fly out, F8 (Flyball, 89D)
Bottom of the 6th over - 0 runs, 1 hit, 0 errors, 1 left on base; Boston College 1 - Stanford 5
TOP OF THE 7TH
Boston College Eagles batting - Pitching for Stanford Cardinal : RHP Michael Saunders
Batting: SHB Ralph Alfonzo 0-0: Called Strike
0-1: Ball
1-1: Ball
2-1: Foul Ball, location: 2F
2-2: Foul Ball, location: 2F
2-2: Foul Ball, location: 2F
2-2: Ball
3-2: Foul Ball, location: 2F
3-2: Base on Balls
Batting: RHB Ed Gómez 0-0: Called Strike
0-1: Swinging Strike
0-2: Strikes out swinging
Batting: RHB Julián Hernández 0-0: Ball
1-0: Ball
Wild Pitch!
Ralph Alfonzo to second
2-0: Ball
3-0: Base on Balls
Batting: LHB Porter Butler 0-0: Ball
Ralph Alfonzo steals 3rd base
Julián Hernández to second
1-0: Ball
2-0: Fly out, F4 (Popup, 13)
Batting: SHB Héctor Arteago 0-0: Foul Ball, location: 2F
0-1: Foul Ball, location: 2F
0-2: Foul Ball, location: 2F
0-2: DOUBLE (Flyball, 89D)
Ralph Alfonzo scores
Julián Hernández scores
Pitching: LHP Dave Anslow
Batting: LHB John Clement 0-0: Ball
1-0: Foul Ball, location: 2F
1-1: Called Strike
1-2: Strikes out swinging
Top of the 7th over - 2 runs, 1 hit, 0 errors, 1 left on base; Boston College 3 - Stanford 5
BOTTOM OF THE 7TH
Stanford Cardinal batting - Pitching for Boston College Eagles : RHP Mike Heath
Batting: RHB Greg Nichols 0-0: Fly out, F7 (Flyball, 7LSF)
Batting: RHB Rick McDonald 0-0: Ball
1-0: Ball
2-0: Called Strike
2-1: Ball
3-1: Base on Balls
Batting: RHB Dave Rogers 0-0: Ball
1-0: Ball
2-0: Foul Ball, location: 2F
2-1: 2-RUN HOME RUN (Flyball, 7D), Distance : 345 ft
Batting: LHB José Soto 0-0: Called Strike
0-1: Ball
1-1: Swinging Strike
1-2: Ball
2-2: Foul Ball, location: 2F
2-2: Ball
3-2: Base on Balls
Batting: RHB Flint Ballard 0-0: Called Strike
0-1: Swinging Strike
0-2: Ball
1-2: Foul Ball, location: 2F
1-2: Strikes out swinging
Batting: RHB Rodrigo Ortíz 0-0: Ball
1-0: Swinging Strike
1-1: Foul Ball, location: 2F
1-2: Foul Ball, location: 2F
1-2: Foul Ball, location: 2F
1-2: Strikes out swinging
Bottom of the 7th over - 2 runs, 1 hit, 0 errors, 1 left on base; Boston College 3 - Stanford 7
TOP OF THE 8TH
Boston College Eagles batting - Pitching for Stanford Cardinal : LHP Dave Anslow
Batting: RHB Jim Banks 0-0: Ball
1-0: Swinging Strike
1-1: Swinging Strike
1-2: Ball
2-2: Ball
3-2: Fly out, F9 (Flyball, 9S)
Batting: RHB Steve Neal 0-0: Ball
1-0: Called Strike
1-1: Foul Ball, location: 2F
1-2: Ball
2-2: Ground out 6-3 (Groundball, 6)
Batting: LHB Rafael Yan 0-0: Called Strike
0-1: Swinging Strike
0-2: Ball
1-2: Strikes out swinging
Top of the 8th over - 0 runs, 0 hits, 0 errors, 0 left on base; Boston College 3 - Stanford 7
BOTTOM OF THE 8TH
Stanford Cardinal batting - Pitching for Boston College Eagles : RHP Mike Heath
Batting: RHB Dave Bennett 0-0: Swinging Strike
0-1: Swinging Strike
0-2: Ball
1-2: Strikes out looking
Batting: LHB Terry Barton 0-0: Ball
1-0: Ball
2-0: Called Strike
2-1: Ball
3-1: Base on Balls
Pitching: RHP Walt Mueller
Batting: SHB Gary King 0-0: Ball
1-0: Ball
2-0: Swinging Strike
2-1: Foul Ball, location: 2F
2-2: Ball
3-2: Strikes out looking
Batting: RHB Greg Nichols 0-0: Ball
1-0: Foul Ball, location: 2F
1-1: Swinging Strike
1-2: Foul Ball, location: 2F
1-2: Strikes out swinging
Bottom of the 8th over - 0 runs, 0 hits, 0 errors, 1 left on base; Boston College 3 - Stanford 7
TOP OF THE 9TH
Boston College Eagles batting - Pitching for Stanford Cardinal : LHP Dave Anslow
Batting: SHB Ralph Alfonzo 0-0: Ball
1-0: Ground out U3 (Groundball, 34)
Batting: RHB Ed Gómez 0-0: Foul Ball, location: 2F
0-1: Ball
1-1: Called Strike
1-2: Foul Ball, location: 2F
1-2: Strikes out swinging
Batting: RHB Julián Hernández 0-0: Foul Ball, location: 2F
0-1: Ball
1-1: SINGLE (Groundball, 6MD)
Batting: LHB Porter Butler 0-0: Ball
1-0: Ball
2-0: Ball
3-0: Called Strike
3-1: Called Strike
3-2: Foul Ball, location: 2F
3-2: Foul Ball, location: 2F
3-2: Foul Ball, location: 2F
3-2: Base on Balls
Julián Hernández to second
Pitching: LHP David Walker
Batting: SHB Héctor Arteago 0-0: Called Strike
0-1: Ball
1-1: SINGLE (Groundball, 6MD)
Julián Hernández to third
Porter Butler to second
Batting: LHB John Clement 0-0: Ball
1-0: Ball
2-0: Foul Ball, location: 2F
2-1: Foul Ball, location: 2F
2-2: Ball
3-2: Ground out 4-3 (Groundball, 4)
Top of the 9th over - 0 runs, 2 hits, 0 errors, 3 left on base; Boston College 3 - Stanford 7
Saturday, December 16th, 2017 - OOTP Baseball 18.8 Build 76